 Dungeon Crawl Stone Soup version 0.31-a0-237-g2d982f9f85 (webtiles) character file.

Game seed: 8528294002406859506

755 qw the Skirmisher (level 7, -3/60 HPs)
             Began as a Minotaur Hexslinger on July 11, 2023.
             Shot with an arrow by a centaur (4 damage)
             ... on level 5 of the Dungeon.
             The game lasted 00:01:35 (4228 turns).

qw the Skirmisher (Minotaur Hexslinger)             Turns: 4228, Time: 00:01:35

Health: -3/60      AC:  6    Str: 13    XL:     7   Next: 49%
Magic:  7/7        EV: 11    Int: 10    God:
Gold:   40         SH:  0    Dex: 14    Spells: 7/8 levels left

rFire   . . .        Y - +2 sling
rCold   . . .        (no shield)
rNeg    + . .        b - +0 ring mail
rPois   .            (helmet restricted)
rElec   .            (no cloak)
rCorr   .            k - +0 pair of gloves
SInv    .            (no boots)
Will    .....        (no amulet)
Stlth   +            a - ring of positive energy
HPRegen 0.30/turn    (no ring)
MPRegen 0.10/turn

%: no passive effects
@: no status effects
A: horns 2, retaliatory headbutt
a: no special abilities


You were on level 5 of the Dungeon.
You visited 1 branch of the dungeon, and saw 5 of its levels.

You collected 126 gold pieces.
You spent 86 gold pieces at shops.


Innate Abilities, Weirdness & Mutations

You have a pair of horns on your head.
You reflexively headbutt those who attack you in melee.


   Skills:
 + Level 4.9 Fighting
 - Level 8.0 Ranged Weapons
 - Level 1.7 Armour
 - Level 2.1 Dodging
 - Level 1.0 Spellcasting
 - Level 2.0 Hexes


You had 7 spell levels left.
You knew the following spells:

 Your Spells              Type           Power      Damage    Failure   Level
a - Slow                  Hex            16%        N/A       32%         1

Your spell library contained the following spells:

 Spells                   Type           Power      Damage    Failure   Level
 Inner Flame              Hex/Fire       2%         N/A       82%         3
 Portal Projectile        Hex/Tloc       4%         N/A       82%         3
 Cause Fear               Hex            2%         N/A       97%         4

Inventory:

Hand Weapons
 Y - a +2 sling (weapon)
Armour
 b - a +0 ring mail (worn)
 k - a +0 pair of gloves (worn)
 m - a +0 cloak
Jewellery
 a - a ring of positive energy (left hand)
 i - a ring of ice
Scrolls
 c - a scroll of immolation {unknown}
 l - a scroll of identify
Potions
 d - a potion of invisibility {unknown}
 e - a potion of resistance {unknown}
 f - a potion of might
 g - 2 potions of curing
 h - a potion of cancellation {unknown}
 j - a potion of ambrosia {unknown}

Dungeon Overview and Level Annotations

Branches:
Dungeon (5/15)
 Temple: D:4-7

Altars:

Shops:
D:3 !(?*   D:4 ?


Message History

You shoot a sling bullet. The sling bullet hits the centaur.
The centaur is lightly wounded.
The centaur shoots an arrow.
The arrow closely misses you.
The centaur shoots an arrow.
The arrow hits you!
You shoot a sling bullet. The sling bullet hits the centaur.
The centaur is moderately wounded.
You shoot a sling bullet. The sling bullet hits the centaur.
The centaur is moderately wounded.
The centaur shoots an arrow.
The arrow closely misses you.
The centaur shoots an arrow.
The arrow closely misses you.
You shoot a sling bullet.
The sling bullet hits the centaur but does no damage.
The centaur is moderately wounded.
The centaur shoots an arrow.
The arrow hits you.
The centaur shoots an arrow.
The arrow hits you.
You shoot a sling bullet. The sling bullet hits the centaur.
The centaur is heavily wounded.
The centaur shoots an arrow.
The arrow hits you!
The centaur shoots an arrow.
The arrow hits you!
You shoot a sling bullet. The sling bullet hits the centaur.
The centaur is heavily wounded.
The centaur shoots an arrow.
The arrow hits you.
You shoot a sling bullet.
The sling bullet barely misses the centaur.
The centaur shoots an arrow.
The arrow hits you!
The centaur shoots an arrow.
The arrow closely misses you.
You shoot a sling bullet. The sling bullet hits the centaur.
The centaur is severely wounded.
The centaur shoots an arrow.
The arrow hits you.
You shoot a sling bullet. The sling bullet hits the centaur.
The centaur is severely wounded.
The centaur shoots an arrow.
The arrow hits you.
You shoot a sling bullet. The sling bullet hits the centaur.
The centaur is almost dead.
The centaur shoots an arrow.
The arrow completely misses you.
The centaur shoots an arrow.
The arrow hits you.
You shoot a sling bullet.
The sling bullet barely misses the centaur.
The centaur shoots an arrow.
The arrow hits you.
You die...

## .# #. .. c# .7
####77.77#.##
#....@.....[.
#.##77.77#### .
#.# 7.7 ###.
##.### .## )..
#....##..#..#
#.##.#>#.#.#.#.#
#........%......
#.##.#.#.#.#.#.
##...............


You could see a centaur.

Vanquished Creatures
  Eustachio (D:4)
  An ice beast (D:5)
  2 scorpions
  4 hounds
  An iguana (D:4)
  3 orc wizards
  5 adders
  4 gnolls
  A white imp (D:5)
  2 ufetubi (D:5)
  2 dart slugs (D:1)
  11 orcs
  5 endoplasms
  3 giant cockroaches
  6 goblins
  8 hobgoblins
  7 kobolds
  2 quokkas
  7 ball pythons
  6 bats
  5 frilled lizards
  5 rats
91 creatures vanquished.

Notes
Turn   | Place    | Note
-------+----------+-------------------------------------------
     0 | D:1      | qw the Minotaur Hexslinger began the quest for the Orb.
     0 | D:1      | Reached XP level 1. HP: 16/16 MP: 1/1
     0 | D:1      | 0 ||| qw: Version: 0.3-a-52-g30416fa
     0 | D:1      | 0 ||| qw: Game counter: 5577
     0 | D:1      | 0 ||| qw: Melee chars always use a shield: true
     0 | D:1      | 0 ||| qw: God list: Okawaru
     0 | D:1      | 0 ||| qw: Allow faded altars: false
     0 | D:1      | 0 ||| qw: Do Orc after clearing Dungeon:15 true
     0 | D:1      | 0 ||| qw: Do second Lair branch before Depths: true
     0 | D:1      | 0 ||| qw: Lair rune preference: random
     0 | D:1      | 0 ||| qw: Goals: Normal
     0 | D:1      | 0 ||| PLANNING D:1-11
   141 | D:1      | Reached skill level 3 in Ranged Weapons
   141 | D:1      | Reached XP level 2. HP: 23/23 MP: 2/2
   343 | D:1      | 343 ||| FLEEEEING.
   344 | D:1      | 344 ||| FLEEEEING.
   345 | D:1      | 345 ||| FLEEEEING.
   346 | D:1      | 346 ||| FLEEEEING.
   527 | D:1      | 527 ||| FLEEEEING.
   528 | D:1      | 528 ||| FLEEEEING.
   529 | D:1      | 529 ||| FLEEEEING.
   531 | D:1      | Reached XP level 3. HP: 27/29 MP: 3/3
   808 | D:1      | 808 ||| READING scroll labelled PAOFEZ OHIN.
   809 | D:1      | 809 ||| READING scroll labelled UCUONY KIAT.
   810 | D:1      | 810 ||| DROPPING scroll of poison.
  1010 | D:2      | Reached skill level 4 in Ranged Weapons
  1598 | D:2      | 1598 ||| UPGRADING to +0 leather armour.
  1608 | D:2      | 1608 ||| DROPPING +0 robe.
  1609 | D:2      | 1609 ||| READING scroll labelled RYVERA ECOP.
  1610 | D:2      | 1610 ||| READING scroll labelled USKAYM SUGIOTZ.
  1614 | D:2      | 1614 ||| DRINKING 2 blue potions.
  1615 | D:2      | 1615 ||| DROPPING potion of degeneration.
  1642 | D:3      | Found a faded altar of an unknown god.
  1657 | D:3      | Reached XP level 4. HP: 36/36 MP: 4/4
  1856 | D:3      | Found Miriexaw's Distillery.
  1867 | D:3      | 1867 ||| SHOPLISTING 2 potions of might (96 gold, have 54).
  1867 | D:3      | 1867 ||| BUYING potion of curing (36 gold).
  1867 | D:3      | Bought a potion of curing for 36 gold pieces
  1867 | D:3      | 1867 ||| SHOPLISTING potion of enlightenment (60 gold, have
                  | 18).
  1867 | D:3      | 1867 ||| SHOPLISTING potion of haste (120 gold, have 18).
  1867 | D:3      | 1867 ||| SHOPLISTING potion of mutation (96 gold, have 18).
  1973 | D:3      | Found Afoh's Antique Weapon Shoppe.
  2042 | D:3      | Found Ubbyjirgh's Magic Scroll Emporium.
  2052 | D:3      | 2052 ||| BUYING scroll of identify (24 gold).
  2052 | D:3      | Bought a scroll of identify for 24 gold pieces
  2052 | D:3      | 2052 ||| SHOPLISTING scroll of identify (24 gold, have 5).
  2052 | D:3      | 2052 ||| SHOPLISTING scroll of teleportation (36 gold, have
                  | 5).
  2162 | D:3      | Found Xamutuel's Assorted Antiques.
  2169 | D:3      | 2169 ||| SHOPLISTING 2 fuming brown potions (28 gold, have
                  | 5).
  2169 | D:3      | 2169 ||| SHOPLISTING cyan potion (14 gold, have 5).
  2169 | D:3      | 2169 ||| SHOPLISTING glowing leather armour (80 gold, have
                  | 5).
  2169 | D:3      | 2169 ||| SHOPLISTING potion of curing (48 gold, have 5).
  2169 | D:3      | 2169 ||| SHOPLISTING scroll labelled AKUSEMPULA (16 gold,
                  | have 5).
  2169 | D:3      | 2169 ||| SHOPLISTING scroll of identify (32 gold, have 5).
  2169 | D:3      | 2169 ||| SHOPLISTING scroll of teleportation (48 gold, have
                  | 5).
  2525 | D:3      | 2525 ||| READING scroll labelled AKUSEMPULA.
  2526 | D:3      | 2526 ||| DRINKING 2 fizzy cyan potions.
  2527 | D:3      | 2527 ||| DRINKING 2 fizzy grey potions.
  2528 | D:3      | 2528 ||| DROPPING potion of attraction.
  2560 | D:4      | Noticed a scorpion
  2563 | D:4      | 2563 ||| STAIRDANCE
  2563 | D:4      | Killed a scorpion
  2564 | D:4      | Reached skill level 5 in Ranged Weapons
  2564 | D:4      | Reached XP level 5. HP: 30/41 MP: 5/5
  2628 | D:3      | 2628 ||| UPGRADING to +0 ring mail.
  2638 | D:3      | 2638 ||| DROPPING +0 leather armour.
  2643 | D:4      | 2643 ||| STAIRDANCE
  2703 | D:4      | Reached skill level 1 in Armour
  2703 | D:4      | 2703 ||| STAIRDANCE
  2822 | D:4      | Reached skill level 3 in Fighting
  2842 | D:4      | HP: 11/45 [gnoll/+0 flail (6)]
  2843 | D:4      | 2843 ||| READING scroll of teleportation.
  2883 | D:4      | 2883 ||| FLEEEEING.
  2885 | D:4      | 2885 ||| FLEEEEING.
  2886 | D:4      | 2886 ||| FLEEEEING.
  2887 | D:4      | 2887 ||| FLEEEEING.
  2888 | D:4      | 2888 ||| FLEEEEING.
  2889 | D:4      | 2889 ||| FLEEEEING.
  2890 | D:4      | 2890 ||| FLEEEEING.
  2891 | D:4      | 2891 ||| FLEEEEING.
  2892 | D:4      | 2892 ||| FLEEEEING.
  2893 | D:4      | 2893 ||| FLEEEEING.
  2894 | D:4      | 2894 ||| FLEEEEING.
  2895 | D:4      | 2895 ||| FLEEEEING.
  2896 | D:4      | 2896 ||| FLEEEEING.
  2897 | D:4      | 2897 ||| FLEEEEING.
  2898 | D:4      | 2898 ||| FLEEEEING.
  2899 | D:4      | 2899 ||| STAIRDANCE
  2981 | D:4      | 2981 ||| STAIRDANCE
  2987 | D:3      | Reached skill level 6 in Ranged Weapons
  3250 | D:4      | Found Qimpiad's Magic Scroll Shoppe.
  3303 | D:4      | Reached XP level 6. HP: 50/51 MP: 6/6
  3337 | D:4      | 3337 ||| SHOPLISTING 2 scrolls of enchant armour (195 gold,
                  | have 42).
  3337 | D:4      | 3337 ||| SHOPLISTING scroll of enchant armour (97 gold,
                  | have 42).
  3337 | D:4      | 3337 ||| BUYING scroll of identify (26 gold).
  3337 | D:4      | Bought a scroll of identify for 26 gold pieces
  3337 | D:4      | 3337 ||| SHOPLISTING scroll of identify (26 gold, have 16).
  3337 | D:4      | 3337 ||| SHOPLISTING scroll of teleportation (39 gold, have
                  | 16).
  3403 | D:4      | Noticed Eustachio
  3429 | D:4      | 3429 ||| Stepping ~*~*~tactically~*~*~ (outnumbered).
  3430 | D:4      | HP: 12/52 [shadow imp[Eustachio] (2)]
  3433 | D:4      | Killed Eustachio
  3434 | D:4      | Reached skill level 7 in Ranged Weapons
  3745 | D:4      | 3745 ||| UPGRADING to +0 pair of gloves.
  3750 | D:4      | 3750 ||| UPGRADING to ring of positive energy.
  3751 | D:4      | 3751 ||| READING 2 scrolls of identify.
  3751 | D:4      | 3751 ||| IDENTIFYING viscous puce potion
  3752 | D:4      | 3752 ||| DROPPING potion of berserk rage.
  3772 | D:5      | Entered Level 5 of the Dungeon
  3862 | D:5      | Reached XP level 7. HP: 48/59 MP: 7/7
  3880 | D:5      | 3880 ||| FLEEEEING.
  3881 | D:5      | 3881 ||| FLEEEEING.
  3882 | D:5      | 3882 ||| FLEEEEING.
  3883 | D:5      | 3883 ||| FLEEEEING.
  3884 | D:5      | 3884 ||| FLEEEEING.
  3885 | D:5      | 3885 ||| FLEEEEING.
  3886 | D:5      | 3886 ||| FLEEEEING.
  3887 | D:5      | 3887 ||| FLEEEEING.
  3888 | D:5      | 3888 ||| FLEEEEING.
  3889 | D:5      | 3889 ||| FLEEEEING.
  3890 | D:5      | 3890 ||| FLEEEEING.
  3891 | D:5      | 3891 ||| FLEEEEING.
  3892 | D:5      | 3892 ||| FLEEEEING.
  3893 | D:5      | 3893 ||| FLEEEEING.
  3894 | D:5      | 3894 ||| FLEEEEING.
  3895 | D:5      | 3895 ||| FLEEEEING.
  3896 | D:5      | 3896 ||| FLEEEEING.
  3897 | D:5      | 3897 ||| FLEEEEING.
  3910 | D:5      | 3910 ||| FLEEEEING.
  3911 | D:5      | 3911 ||| FLEEEEING.
  3912 | D:5      | 3912 ||| FLEEEEING.
  3913 | D:5      | 3913 ||| FLEEEEING.
  3914 | D:5      | 3914 ||| FLEEEEING.
  3915 | D:5      | 3915 ||| FLEEEEING.
  3916 | D:5      | 3916 ||| FLEEEEING.
  3917 | D:5      | 3917 ||| FLEEEEING.
  3918 | D:5      | 3918 ||| STAIRDANCE
  4145 | D:5      | Reached skill level 8 in Ranged Weapons
  4224 | D:5      | HP: 11/60 [centaur/arrow (7)]
  4226 | D:5      | HP: 5/60 [centaur/arrow (3)]
  4227 | D:5      | HP: 1/60 [centaur/arrow (5)]
  4228 | D:5      | Shot with an arrow by a centaur

Levels and vault maps discovered:
D:1:      ebering_hopf_link, layout_loops_ring, hex_large
D:2:      layout_loops_corners
D:3:      layout_loops_corners, serial_shops, nicolae_shop_dealshenge, shop,
          nicolae_shop_industrial_runoff, shop, nicolae_ecumenical_pavilion
D:4:      nicolae_cairo_tiling_large, layout_basic, serial_shops,
          nicolae_shop_tiny_glass, uniq_eustachio
D:5:      layout_rooms, st_stairs_13, minmay_tree_intersection

Skill      XL: |  1  2  3  4  5  6  7 |
---------------+----------------------+-----
Ranged Weapons | 3 4 5 6 7 8 |  8.0
Fighting       | 2 3 4 |  4.9
Armour         | 1 |  1.7
Dodging        | |  2.1
Spellcasting   | |  1.0
Hexes          | |  2.0

Action                     |  1- 3 |  4- 6 |  7- 9 || total
---------------------------+-------+-------+-------++-------
   Fire: Sling             |   125 |   145 |    60 ||   330
    Use: Scroll            |     4 |     3 |       ||     7
         Potion            |     1 |     2 |       ||     3
 Armour: Robe              |     8 |       |       ||     8
         Leather armour    |     1 |       |       ||     1
         Ring mail         |       |    26 |    32 ||    58
  Dodge: Dodged            |    29 |    58 |    42 ||   129

Table legend:
 A = Non-vault XP
 B = Vault XP
 C = Vault XP percentage of total XP
 D = Non-vault monster count
 E = Vault monster count
 F = Vault count percentage of total count
                 A         B        C        D         E       F
            +---------+---------+-------+---------+---------+-------
      Total |     797 |     282 |  26.1 |      89 |       2 |   2.2
            +---------+---------+-------+---------+---------+-------
        D:1 |      52 |       0 |   0.0 |      24 |       0 |   0.0
        D:2 |      29 |       0 |   0.0 |      18 |       0 |   0.0
        D:3 |     107 |       0 |   0.0 |      15 |       0 |   0.0
        D:4 |     262 |     203 |  43.7 |      16 |       1 |   5.9
        D:5 |     347 |      79 |  18.5 |      16 |       1 |   5.9
            +---------+---------+-------+---------+---------+-------
